 Dungeon Crawl Stone Soup version 0.27-a0-1299-g1ab19c6527 (webtiles) character file.

Game seed: 14452845124583949801

110 dickylongcocking the Magician (level 5, 0/35 HPs)
             Began as a Djinni Ice Elementalist on June 16, 2021.
             Slain by an ogre (22 damage)
             ... on level 3 of the Dungeon.
             The game lasted 00:01:52 (3066 turns).

dickylongcocking the Magician (DjIE)                Turns: 3066, Time: 00:01:53

Health: 0/35       AC:  8    Str:  7    XL:     5   Next: 14%
Gold:   139        EV: 11    Int: 17    God:
                   SH:  0    Dex: 14

rFire    + + .     SeeInvis .   c - +4 whip
rCold    x . .     Faith    .   (no shield)
rNeg     . . .     Spirit   .   q - +0 leather armour
rPois    ∞         Reflect  .   n - +0 helmet
rElec    .         Harm     .   (no cloak)
rCorr    .         Rampage  .   (no gloves)
Will     .....                  (boots unavailable)
Stlth    ++........             (no amulet)
HPRegen  0.11/turn              (no ring)
MPRegen  0.00/turn              (no ring)

@: ice-armoured, flying
A: sickness immunity, fire resistance 2, cold vulnerability 1, float, innate
caster, hp casting, extra vitality 1
a: no special abilities


You were on level 3 of the Dungeon.
You visited 1 branch of the dungeon, and saw 3 of its levels.

You collected 139 gold pieces.

Inventory:

Hand Weapons
 b - a +0 club
 c - a +4 whip (weapon)
Missiles
 p - 4 atropa-tipped darts
Armour
 a - a +0 robe
 n - a +0 helmet (worn)
 q - a +0 leather armour (worn)
Wands
 i - a wand of polymorph (5)
Scrolls
 d - 3 scrolls of identify {unknown}
 h - a scroll of enchant armour {unknown}
 l - a scroll of teleportation {unknown}
 o - a scroll of acquirement {unknown}
Potions
 e - a potion of flight {unknown}
 f - a potion of cancellation {unknown}
 g - a potion of mutation {unknown}
 j - a potion of curing {unknown}
 k - a potion of attraction {unknown}
 m - a potion of magic {unknown}


   Skills:
 - Level 2.3 Dodging
 - Level 1.6 Stealth
 * Level 4.7 Spellcasting


You couldn't memorise any spells.
You knew the following spells:

 Your Spells              Type           Power      Damage    Failure   Level
a - Freeze                Ice            80%        1d9       3%          1
b - Metabolic Englaciati  Hex/Ice        10%        N/A       65%         5
c - Ozocubu's Armour      Ice            20%        N/A       10%         3
d - Hailstorm             Conj/Ice       20%        3d6       30%         4
e - Shock                 Conj/Air       80%        1d8       3%          1
f - Frozen Ramparts       Ice            40%        1d6       10%         3
g - Slow                  Hex            20%        N/A       4%          2
Your spell library was empty.

Dungeon Overview and Level Annotations

Branches:
Dungeon (3/15)

Altars:


Innate Abilities, Weirdness & Mutations

You are immune to sickness and miasma.
You are immune to poison.
Your flesh is very heat resistant. (rF++)
You are vulnerable to cold. (rC-)
You float through the air rather than walking.
You learn spells naturally, not from books.
Your magical power is your life essence.
You have superior vitality. (+4 HP)


Message History

A bat is nearby!
A bat is nearby!
Casting: Freeze (safe; 3% risk of failure)
Confirm with . or Enter, or press ? or * to list all spells.
You can't see any susceptible monsters within range! (Use Z to cast anyway.) Unknown command.
Casting: Freeze (safe; 3% risk of failure)
Confirm with . or Enter, or press ? or * to list all spells.
Aiming: Freeze (safe; 3% risk of failure)
Press: ? - help, Shift-Dir - straight line, f - bat
Aim: a bat (asleep)
You freeze the bat.
You kill the bat!
Casting: Freeze (safe; 3% risk of failure)
Confirm with . or Enter, or press ? or * to list all spells.
You can't see any susceptible monsters within range! (Use Z to cast anyway.) Unknown command.
You see here a bat corpse.
An endoplasm and an ogre come into view.
The endoplasm quivers.
The ogre shouts!
You see here a scroll labelled KATUIS POKHLEA.
There are monsters nearby!
There are monsters nearby!
The ogre hits you with a +0 giant club!
The endoplasm hits you but does no damage.
You see here a scroll labelled KATUIS POKHLEA.
Casting: Freeze (safe; 3% risk of failure)
Confirm with . or Enter, or press ? or * to list all spells.
Okay, then.
Casting: Freeze (safe; 3% risk of failure)
Confirm with . or Enter, or press ? or * to list all spells.
Okay, then.
Casting: Freeze (safe; 3% risk of failure)
Confirm with . or Enter, or press ? or * to list all spells.
The spell is quite dangerous to cast (10% risk of failure)!
Continue anyway?
A film of ice covers your body!
The ogre hits you with a +0 giant club!!
Ouch! That really hurt!
You die...

#... +..........†# #####
#.. ####.###.##.#
.....#####.#######.###.##.#
.....................).....
...........#####...........
...........# #...........
..........J#####...........
.###+#####O##..............
#@##.###########.. #....#
#.(#.. #.#..# #..#..
#.##.#+# ##'#P.
#.##....#+###.....
..................
..#.............##
####...####..##### #..P#
#..†...+


You could see an ogre and an endoplasm.

Vanquished Creatures
  Jessica (D:2)
  Robin (D:2)
  2 adders (D:2)
  A dart slug (D:2)
  An orc (D:2)
  4 endoplasms
  A giant cockroach (D:1)
  6 goblins
  8 hobgoblins
  2 jackals (D:1)
  3 kobolds
  3 quokkas
  3 ball pythons
  5 bats
  4 frilled lizards
  4 rats
49 creatures vanquished.

Notes
Turn   | Place    | Note
-------+----------+-------------------------------------------
     0 | D:1      | dickylongcocking the Djinni Ice Elementalist began the
                  | quest for the Orb.
     0 | D:1      | Reached XP level 1. HP: 15/15 MP: 0/0
   369 | D:1      | Reached XP level 2. HP: 11/21 MP: 0/0
  1100 | D:1      | Reached XP level 3. HP: 25/25 MP: 0/0
  1100 | D:1      | Learned a level 1 spell: Shock
  1397 | D:2      | Noticed Jessica
  1408 | D:2      | Killed Jessica
  1409 | D:2      | Reached skill level 4 in Spellcasting
  1409 | D:2      | Reached XP level 4. HP: 17/31 MP: 0/0
  2313 | D:2      | Noticed Robin
  2323 | D:2      | Killed Robin
  2324 | D:2      | Reached XP level 5. HP: 18/35 MP: 0/0
  2324 | D:2      | Learned a level 2 spell: Slow
  3058 | D:3      | Noticed an ogre
  3066 | D:3      | Slain by an ogre

Illustrated notes

Levels and vault maps discovered:
D:1:      minmay_arrival_split_and_join, layout_loops_ring,
          minmay_split_cup_large
D:2:      layout_basic, minmay_octomino_j4, uniq_jessica, uniq_robin
D:3:      corexii_shack_village, layout_basic, old_standard_altar,
          ebering_ecumenical_altar_hall, grunt_ministairs_3, uniq_terence

Skill      XL: |  1  2  3 |
---------------+----------+-----
Spellcasting   | 4 |  4.7
Dodging        | |  2.3
Stealth        | |  1.6

Action                   |  1- 3 |  4- 6 || total
-------------------------+-------+-------++-------
Melee: Club              |     2 |       ||     2
       Whip              |    29 |    39 ||    68
 Cast: Freeze            |    21 |     6 ||    27
       Frozen Ramparts   |       |     5 ||     5
       Ozocubu's Armour  |       |     1 ||     1
 Stab: Sleeping          |     4 |     4 ||     8
Armor: Robe              |     6 |     3 ||     9
       Leather armour    |       |     5 ||     5
Dodge: Dodged            |    34 |    27 ||    61

Table legend: (Time is in decaauts)
 A = Elapsed time spent in this place.
 B = Non-inter-level travel time spent in this place.
 C = Inter-level travel time spent in this place.
 D = Time resting spent in this place.
 E = Time spent auto-exploring this place.
 F = Levels seen in this place.
 G = Mean time per level.
                   A        B        C        D        E       F      G
               +--------+--------+--------+--------+--------+-----+--------+
         Total |   3071 |   2996 |     75 |    609 |   2079 |   3 | 1023.7 |
       Dungeon |   3071 |   2996 |     75 |    609 |   2079 |   3 | 1023.7 |
               +--------+--------+--------+--------+--------+-----+--------+

Top non-repeatable levels by time:
     D:2: 1816 daAuts
     D:1: 1143 daAuts
     D:3: 111 daAuts
